cohdb
Replays
Latest Replays
All Replays
Popular Replays
Top Player Replays
Match Explorer
How It Works
Community
CoH3 Stats
Reddit
Sign in to upload your games and track your stats! →
Sign in with Steam
USF vs Carro Spam
Match 24940653
Overview
Messages
Build Orders
End
Construct Barracks
Riflemen Squad
Riflemen Squad
Construct Weapon Support Center
M1919 Machine Gun Team
Construct Medical Station
Riflemen Squad
Infantry Support Center
Bazooka Squad
M1918 Browning Automatic Rifles
Riflemen Squad
Munitions Surplus
Bazooka Squad
Advanced Logistics
Riflemen Squad
Improved M9 Bazooka Rockets
Grenade Package
Demolitions Package
Survival Training
Selects Armored Battlegroup
Selects Strength in Steel
Selects Seek and Destroy
Selects Veteran Crews
Bazooka Squad
Selects M4A3E8 Sherman Combat Group
M4A3E8 Sherman Combat Group
Seek and Destroy
Riflemen Squad
Bazooka Squad
M4A3E8 Sherman Combat Group
Bazooka Squad
Bazooka Squad
Bazooka Squad
Bazooka Squad
Willaguy
Boss Of This Gym
0
0
Comments
sign in to comment!
No comments posted yet!